 Dungeon Crawl Stone Soup version 0.30-b1-2-g02819fbbbe (webtiles) character file.

Game seed: 2326852683740852650

17 ketsa the Sneak (level 2, -2/17 HPs)
             Began as a Kobold Brigand on May 22, 2023.
             Slain by a jackal (3 damage)
             ... on level 1 of the Dungeon.
             The game lasted 00:02:05 (872 turns).

ketsa the Sneak (Kobold Brigand)                     Turns: 872, Time: 00:02:05

Health: -2/17      AC:  3    Str:  8    XL:     2   Next: 80%
Magic:  0/2        EV: 14    Int: 12    God:
Gold:   33         SH:  0    Dex: 16    Spells: 1/1 levels left

rFire   . . .        a - +2 dagger
rCold   . . .        (no shield)
rNeg    . . .        b - +0 robe
rPois   .            (no helmet)
rElec   .            c - +0 cloak
rCorr   .            (no gloves)
SInv    .            (no boots)
Will    .....        m - amulet of guardian spirit
Stlth   ++++         (no ring)
HPRegen 0.22/turn    (no ring)
MPRegen 0.08/turn

%: guardian spirit
@: no status effects
A: small, no large weapons, nightstalker 3
a: no special abilities


You were on level 1 of the Dungeon.
You visited 1 branch of the dungeon, and saw 2 of its levels.

You collected 33 gold pieces.

Inventory:

Hand Weapons
 a - a +2 dagger (weapon)
Missiles
 d - 9 poisoned darts (quivered)
 e - 3 curare-tipped darts
Armour
 b - a +0 robe (worn)
 c - a +0 cloak (worn)
 l - a +0 kite shield
Jewellery
 m - an amulet of guardian spirit (around neck)
Scrolls
 f - a scroll of enchant weapon {unknown}
 h - 2 scrolls of teleportation
 i - a scroll of butterflies {unknown}
 n - a scroll of vulnerability {unknown}
 o - a scroll of fog {unknown}
Potions
 g - a potion of mutation {unknown}
 j - a potion of might {unknown}
 k - 2 potions of curing


   Skills:
 - Level 2.1 Fighting
 + Level 4.2 Short Blades
 - Level 2.1 Throwing
 - Level 1.2 Dodging
 - Level 5.3 Stealth


You had one spell level left.
You didn't know any spells.
Your spell library was empty.

Dungeon Overview and Level Annotations

Branches:
Dungeon (2/15) Zot: 11137

Altars:


Innate Abilities, Weirdness & Mutations

You are small and have problems with some larger weapons.
You are completely attuned to the shadows.


Message History

You kill the quokka!
The jackal bites you.
* * * LOW HITPOINT WARNING * * *
The jackal barely misses you.
Okay, then.
It was a potion of curing.
You feel better. The jackal bites you.
The jackal bites you but does no damage.
The jackal closely misses you.
You hit the jackal but do no damage. The jackal misses you.
The jackal bites you but does no damage.
The jackal barely misses you.
You hit the jackal.
The jackal is severely wounded.
The jackal bites you but does no damage.
The jackal misses you.
You closely miss the jackal.
The jackal is severely wounded.
The jackal misses you. The jackal barely misses you.
You hit the jackal.
The jackal is almost dead.
The jackal bites you. The jackal misses you.
You barely miss the jackal.
The jackal is almost dead.
The jackal bites you. The jackal closely misses you.
You closely miss the jackal.
The jackal is almost dead.
The jackal bites you.
* * * LOW HITPOINT WARNING * * *
The jackal completely misses you.
You hit the jackal but do no damage.
The jackal is almost dead.
The jackal bites you but does no damage.
The jackal bites you.
* * * LOW HITPOINT WARNING * * *
You hit the jackal but do no damage.
The jackal is almost dead.
The jackal bites you.
* * * LOW HITPOINT WARNING * * *
The jackal bites you.
You die...

#.#.......#########.#.# ######
#.####......#####...#.# #.....
#.# #............#.#.# #.....
#.#########.####..###.# #.....
#.........(.# ##......###.....
###############.........'.....
#.....#######..... #†h####
#..... #@h..# #..... ####.#
#..... #############.## #.....
#..........##..# ######
#..........###.###
#.............[..#
##................##########
#.....................).....
#...........................


You could see 2 jackals.

Vanquished Creatures
  A dart slug (D:1)
  A goblin (D:1)
  A hobgoblin (D:1)
  A jackal (D:1)
  A quokka (D:1)
  4 ball pythons
  A frilled lizard (D:2)
  3 kobolds (D:1)
  2 rats (D:1)
15 creatures vanquished.

Notes
Turn   | Place    | Note
-------+----------+-------------------------------------------
     0 | D:1      | ketsa the Kobold Brigand began the quest for the Orb.
     0 | D:1      | Reached XP level 1. HP: 12/12 MP: 1/1
   257 | D:1      | Reached XP level 2. HP: 17/17 MP: 2/2
   872 | D:1      | Slain by a jackal

Illustrated notes

Levels and vault maps discovered:
D:1:      dpeg_arrival_simpleton_c, layout_basic
D:2:      layout_loops_ring

Skill      XL: |  1  2 |
---------------+-------+-----
Short Blades   | 3 4 |  4.2
Fighting       | |  2.1
Throwing       | |  2.1
Dodging        | |  1.2
Stealth        | |  5.3

Action                     || total
---------------------------++-------
  Melee: Dagger            ||    59
    Use: Scroll            ||     1
         Potion            ||     1
   Stab: Sleeping          ||     5
 Armour: Robe              ||    21
  Dodge: Dodged            ||    70
